 Dungeon Crawl Stone Soup version 0.29-a0-813-g4a14ea37d6 (webtiles) character file.

Game seed: 16264608267680441130

782 nicolae the Insei (level 7, 0/43 HPs)
             Began as an Octopode Transmuter on July 5, 2022.
             Slain by an ice beast (11 damage)
             ... on level 5 of the Dungeon.
             The game lasted 00:13:57 (7514 turns).

nicolae the Insei (Octopode Transmuter)             Turns: 7514, Time: 00:13:58

Health: 0/43       AC:  1    Str:  9    XL:     7   Next: 86%
Magic:  10/10      EV: 13    Int: 17    God:
Gold:   255        SH:  0    Dex: 13    Spells: 0/10 levels left

rFire   . . .      SeeInvis .     - Unarmed
rCold   . . .      Faith    .   (no shield)
rNeg    . . .      Spirit   .   (helmet restricted)
rPois   .          Reflect  .   (no amulet)
rElec   .          Harm     .   (no ring)
rCorr   .          Rampage  .   (no ring)
Will    .....                   (no ring)
Stlth   ++........              (no ring)
HPRegen 0.14/turn               (no ring)
MPRegen 0.12/turn               (no ring)
                                (no ring)
                                (no ring)

@: no status effects
A: almost no armour, amphibious, 8 rings, camouflage 1, gelatinous body 1,
(nimble swimmer 1), tentacles
a: no special abilities


You were on level 5 of the Dungeon.
You visited 1 branch of the dungeon, and saw 5 of its levels.
You also visited: Sewer.

You collected 255 gold pieces.

Inventory:

Missiles
 b - 27 poisoned darts
 q - a curare-tipped dart
 x - 3 boomerangs
Scrolls
 d - a scroll of enchant armour {unknown}
 e - a scroll of fear
 f - a scroll of blinking {unknown}
 g - a scroll of vulnerability
 h - 2 scrolls of identify
 k - a scroll of amnesia {unknown}
 n - 2 scrolls of magic mapping
 r - a scroll of brand weapon {unknown}
 u - a scroll of fog {unknown}
 w - a scroll of silence
 y - a scroll of acquirement {unknown}
 z - 4 scrolls of teleportation
Potions
 a - a potion of lignification
 c - 3 potions of attraction
 l - a potion of magic
 m - a potion of mutation
 o - a potion of haste {unknown}
 p - a potion of brilliance {unknown}
 s - a potion of resistance {unknown}
 t - a potion of degeneration {unknown}
 v - 2 potions of invisibility


   Skills:
 - Level 1.0 Fighting
 - Level 2.0 Dodging
 - Level 5.6 Unarmed Combat
 - Level 2.0 Spellcasting
 - Level 5.0 Transmutations
 + Level 2.4 Ice Magic
 - Level 5.0 Poison Magic


You couldn't memorise any spells.
You knew the following spells:

 Your Spells              Type           Power      Damage    Failure   Level
a - Beastly Appendage     Tmut           36%        N/A       2%          1
b - Wereblood             Tmut           18%        N/A       3%          2
c - Spider Form           Tmut/Pois      18%        N/A       8%          3
d - Ice Form              Ice/Tmut       14%        N/A       38%         4

Your spell library contained the following spells:

 Spells                   Type           Power      Damage    Failure   Level
 Slow                     Hex            4%         N/A       19%         1
 Ensorcelled Hibernation  Hex/Ice        10%        N/A       19%         2
 Blink                    Tloc           2%         N/A       28%         2
 Confusing Touch          Hex            1%         N/A       50%         3
 Lesser Beckoning         Tloc           1%         N/A       50%         3
 Vampiric Draining        Necr           1%         2d6       50%         3
 Anguish                  Hex/Necr       0%         N/A       88%         4
 Manifold Assault         Tloc           1%         N/A       99%         5


Dungeon Overview and Level Annotations

Branches:
Dungeon (5/15)             Temple (0/1) D:5           Sewer (visited)

Altars:
Ashenzari
Elyvilon
Okawaru
Uskayaw

Annotations:
D:3 3 runed translucent doors, Palms's ghost, amateur MfGl; gdog's ghost, amateur GnDe; jlumianski's ghost, amateur DsFi


Innate Abilities, Weirdness & Mutations

You cannot wear most types of armour.
You are amphibious.
You can wear up to eight rings at the same time.
Your skin changes colour to match your surroundings (Stealth+).
Your rubbery body absorbs attacks. (AC +1, EV +1)
((You are camouflaged when in or above water. (Stealth+)))
You have tentacles for arms and can constrict up to eight enemies at once.


Message History

You kill the orc!
No target in view!
No target in view!
Your tentacle spike disappears.
n - 2 scrolls of magic mapping (gained 1)
You now have 234 gold pieces (gained 9).
You see here a +0 short sword.
h - a scroll of identify You see here a +0 short sword.
You now have 247 gold pieces (gained 13).
z - 4 scrolls of teleportation (gained 1)
Found a staircase to the Ecumenical Temple.
Found 8 gold pieces.
There is a staircase to the Ecumenical Temple here.
A quokka comes into view.
An ice beast comes into view.
The quokka misses you.
You tentacle-slap the quokka but do no damage.
You grab the quokka. You tentacle-slap the quokka. You squeeze the quokka.
You kill the quokka!
No target in view!
No target in view!
Found a scroll of identify and an ichor-stained robe.
You now have 255 gold pieces (gained 8).
You see here a scroll of identify.
h - 2 scrolls of identify (gained 1)
You tentacle-slap the ice beast.
The ice beast is lightly wounded.
You tentacle-slap the ice beast.
The ice beast is moderately wounded.
The ice beast hits you. The ice beast freezes you!
You tentacle-slap the ice beast. x2; Your squeeze misses the ice beast.
The ice beast is severely wounded.
The ice beast hits you. The ice beast freezes you!
You tentacle-slap the ice beast.
The ice beast is severely wounded.
The ice beast hits you.
* * * LOW HITPOINT WARNING * * *
The ice beast freezes you!
You die...

# .. ... . ..... ..
#####......
...####...#......
[.#......@.......
.....##.Y..#...## ........
........##.#..............
....##...†...##.#.........
.......#..##....#.........
....##.#.....#.......#....
..........##.#.#.....#....
.....#.##......#.....#....
.....#....>.##............


You could see an ice beast.

Vanquished Creatures
  A phantom (D:5)
  3 kobold brigands (Sewer)
  A necrophage (D:5)
  A scorpion (D:5)
  2 orc priests (D:5)
  Natasha (thrice) (D:4)
  Robin (D:4)
  7 adders
  A river rat (Sewer)
  An ufetubus (D:4)
  7 worms
  8 orcs
  17 ball pythons
  4 bats
  14 endoplasms
  7 giant cockroaches
  14 goblins
  13 hobgoblins
  7 jackals
  5 quokkas
  3 frilled lizards
  15 kobolds
  11 rats
146 creatures vanquished.

Notes
Turn   | Place    | Note
-------+----------+-------------------------------------------
     0 | D:1      | nicolae the Octopode Transmuter began the quest for the
                  | Orb.
     0 | D:1      | Reached XP level 1. HP: 13/13 MP: 3/3
   192 | D:1      | Reached XP level 2. HP: 6/18 MP: 3/5
   388 | D:1      | Learned a level 2 spell: Wereblood
  1194 | D:1      | Reached XP level 3. HP: 23/23 MP: 4/6
  1198 | D:1      | Learned a level 3 spell: Spider Form
  2623 | D:2      | Reached XP level 4. HP: 28/28 MP: 5/7
  3528 | D:3      | Found a runed translucent gate.
  3529 | D:3      | Found a runed translucent gate.
  3530 | D:3      | Found a runed translucent gate.
  3538 | D:3      | Noticed gdog's ghost (amateur GnDe)
  3538 | D:3      | Noticed Palms's ghost (amateur MfGl)
  3540 | D:3      | Noticed jlumianski's ghost (amateur DsFi)
  3665 | D:3      | Reached skill level 5 in Transmutations
  3798 | D:3      | Reached skill level 1 in Poison Magic
  3798 | D:3      | Reached XP level 5. HP: 33/33 MP: 6/8
  4002 | D:3      | Found a hide-covered altar of Uskayaw.
  4536 | D:4      | Noticed Robin
  4743 | D:4      | Noticed Natasha
  4748 | D:4      | Killed Natasha
  4794 | D:4      | Found a glowing drain.
  4807 | Sewer    | Entered a sewer
  4914 | Sewer    | Noticed a kobold brigand
  4927 | Sewer    | Killed a kobold brigand
  4928 | Sewer    | Reached XP level 6. HP: 12/38 MP: 9/9
  5324 | Sewer    | Reached skill level 5 in Poison Magic
  5389 | Sewer    | Reached XP level 7. HP: 37/43 MP: 7/10
  5907 | D:4      | Noticed Natasha
  5912 | D:4      | Killed Natasha
  6053 | D:4      | Noticed Natasha
  6151 | D:4      | Killed Natasha
  6181 | D:4      | Killed Robin
  6507 | D:5      | Entered Level 5 of the Dungeon
  6549 | D:5      | Reached skill level 5 in Unarmed Combat
  6949 | D:5      | Found a broken altar of Ashenzari.
  6992 | D:5      | Found an iron altar of Okawaru.
  7173 | D:5      | Found a white marble altar of Elyvilon.
  7179 | D:5      | Learned a level 4 spell: Ice Form
  7205 | D:5      | Reached skill level 1 in Ice Magic
  7491 | D:5      | Found a staircase to the Ecumenical Temple.
  7514 | D:5      | Slain by an ice beast

Illustrated notes

Levels and vault maps discovered:
D:1:      amcnicky_arrival_wind_blow, layout_basic
D:2:      minmay_alternating_diamond, layout_loops_corners, minmay_bisected
D:3:      layout_basic, amcnicky_altar_gilded, gammafunk_ghost_cemetery
D:4:      layout_cave_pools, cheibrodos_sewer_entry_bend, hex_medium,
          hangedman_feature_mirror, uniq_robin, uniq_natasha
D:5:      layout_basic, marbit_many_paths, mainiacjoe_overflow_alcove_1,
          kennysheep_mini, minmay_temple_entry_ruins, kennysheep_generic_room_11

Skill      XL: |  1  2  3  4  5  6  7 |
---------------+----------------------+-----
Transmutations | 3 4 5 |  5.0
Poison Magic   | 1 4 5 |  5.0
Unarmed Combat | 4 5 |  5.6
Ice Magic      | 2 |  2.4
Fighting       | |  1.0
Dodging        | |  2.0
Spellcasting   | |  2.0

Action                   |  1- 3 |  4- 6 |  7- 9 || total
-------------------------+-------+-------+-------++-------
Melee: Unarmed           |   109 |   158 |    80 ||   347
       Constrict         |    25 |    39 |    22 ||    86
       Kick              |    27 |    40 |    19 ||    86
       Tentacles         |    12 |    28 |    26 ||    66
       Punch             |       |     5 |     6 ||    11
Throw: Dart              |       |       |     4 ||     4
 Cast: Beastly Appendage |    34 |    29 |     9 ||    72
       Wereblood         |     1 |     5 |     2 ||     8
  Use: Scroll            |       |     6 |     8 ||    14
       Potion            |       |     3 |       ||     3
 Stab: Sleeping          |     6 |     6 |     2 ||    14
       Invisible         |       |     1 |       ||     1
Armor: Skin              |    22 |     8 |     3 ||    33
Dodge: Dodged            |    77 |   102 |    40 ||   219

Table legend: (Time is in decaauts)
 A = Elapsed time spent in this place.
 B = Non-inter-level travel time spent in this place.
 C = Inter-level travel time spent in this place.
 D = Time resting spent in this place.
 E = Time spent auto-exploring this place.
 F = Levels seen in this place.
 G = Mean time per level.
                   A        B        C        D        E       F      G
               +--------+--------+--------+--------+--------+-----+--------+
         Total |   7491 |   7328 |    163 |   1662 |   4273 |   6 | 1248.5 |
       Dungeon |   6493 |   6330 |    163 |   1024 |   4127 |   5 | 1298.6 |
         Sewer |    997 |    997 |      0 |    638 |    146 |   1 |  997.0 |
               +--------+--------+--------+--------+--------+-----+--------+

Top non-repeatable levels by time:
     D:1: 1941 daAuts
     D:2: 1401 daAuts
     D:4: 1210 daAuts
   Sewer: 997 daAuts
     D:3: 986 daAuts
     D:5: 953 daAuts
